 Dungeon Crawl Stone Soup version 0.22-a0-422-g9628fc8 (webtiles) character file.

20 GizzardofKazz the Charlatan (level 2, 0/14 HPs)
             Began as a Spriggan Artificer on May 21, 2018.
             Slain by a kobold
             ... wielding a +0 dagger
              (5 damage)
             ... on level 2 of the Dungeon on July 10, 2018.
             The game lasted 00:04:56 (1552 turns).

GizzardofKazz the Charlatan (Spriggan Artificer)    Turns: 1552, Time: 00:04:57

Health: 0/14       AC:  2    Str:  8    XL:     2   Next: 58%
Magic:  6/6        EV: 19    Int: 12    God:
Gold:   33         SH:  0    Dex: 16    Spells: 1/1 levels left

rFire    . . .     SeeInvis +   a - +0 short sword
rCold    . . .     Gourm    .   (shield restricted)
rNeg     . . .     Faith    .   b - +0 robe
rPois    .         Spirit   .   (helmet restricted)
rElec    .         Reflect  .   (no cloak)
rCorr    .         Harm     .   (gloves unavailable)
MR       .....                  (boots unavailable)
Stlth    ++........             (no amulet)
HPRegen  0.04/turn              (no ring)
MPRegen  0.10/turn              (no ring)

@: very quick
A: very small, unfitting armour, see invisible, herbivore, speed 3, slow
metabolism 2
a: no special abilities


You were on level 2 of the Dungeon.
You were not hungry.

You visited 1 branch of the dungeon, and saw 2 of its levels.

You collected 33 gold pieces.

Inventory:

Hand Weapons
 a - a +0 short sword (weapon)
Armour
 b - a +0 robe (worn)
Jewellery
 l - an uncursed ring of poison resistance {unknown}
Wands
 c - a wand of flame (14)
 d - a wand of enslavement (12)
 e - a wand of random effects (14)
Scrolls
 h - 2 scrolls of identify {unknown}
 i - 2 scrolls of enchant weapon {unknown}
 j - 2 scrolls of remove curse {unknown}
 k - a scroll of amnesia {unknown}
 m - a scroll of teleportation {unknown}
 o - a scroll of random uselessness {unknown}
Potions
 g - 2 potions of heal wounds {unknown}
 n - a potion of degeneration {unknown}
Comestibles
 f - a ration


   Skills:
 - Level 0.7 Fighting
 - Level 1.1 Short Blades
 + Level 4.0 Dodging
 - Level 1.5 Stealth
 + Level 4.7 Evocations


You had one spell level left.
You didn't know any spells.
Your spell library was empty.

Dungeon Overview and Level Annotations

Branches:
Dungeon (2/15)

Altars:


Innate Abilities, Weirdness & Mutations

You are very small and have problems with some larger weapons.
You are too small for most types of armour.
You have supernaturally acute eyesight. (SInv)
You are a herbivore.
You cover ground extremely quickly.
You need to consume almost no food.


Message History

The bat misses you. The bat barely misses you. The kobold barely misses you.
The bat hits you but does no damage. The kobold misses you. The bat misses you.
The bat hits you but does no damage. The bat barely misses you.
The kobold misses you. The bat hits you but does no damage.
The kobold misses you. The bat barely misses you. The kobold misses you.
The bat hits you but does no damage. The bat completely misses you.
The bat misses you. The kobold completely misses you.
The bat barely misses you. The bat completely misses you.
The bat closely misses you. The bat hits you. The kobold closely misses you.
The bat hits you but does no damage. The bat hits you.
The kobold hits you but does no damage. The bat completely misses you.
The bat barely misses you. The kobold hits you with a dagger.
The bat misses you. The bat barely misses you. x2
The kobold barely misses you. The bat misses you.
The bat misses you. x3; The kobold hits you with a dagger.
The bat barely misses you. x2; The kobold hits you with a dagger.
You die...

#..# #....
#...#.>..
#.......# #
#.......#.#
#.........
#.......#
####...bKb.#
#.....[@..#
#.#########


You could see 2 bats and a kobold.

Vanquished Creatures
  A giant cockroach (D:1)
  A goblin (D:1)
  A hobgoblin (D:1)
  2 jackals (D:1)
  3 kobolds (D:1)
  7 bats (D:1)
  2 frilled lizards (D:1)
  3 rats (D:1)
20 creatures vanquished.

Vanquished Creatures (others)
  2 jackals (D:1)
2 creatures vanquished.

Grand Total: 22 creatures vanquished

Notes
Turn   | Place    | Note
-------+----------+-------------------------------------------
     0 | D:1      | GizzardofKazz the Spriggan Artificer began the quest for the Orb.
     0 | D:1      | Reached XP level 1. HP: 9/9 MP: 4/4
   667 | D:1      | Reached XP level 2. HP: 14/14 MP: 6/6
  1552 | D:2      | Slain by a kobold

Vault maps used:
D:1:      lightli_arrival_maybe_door_vault
D:2:      chequers_ecumenical_altar_twisty

Skill      XL: |  1  2 |
---------------+-------+-----
Dodging        | 4 |  4.0
Fighting       | |  0.7
Short Blades   | |  1.1
Stealth        | |  1.5
Evocations     | |  4.7

Action                   || total
-------------------------++-------
Melee: Short sword       ||    82
Evoke: Wand              ||     5
 Stab: Sleeping          ||     4
Armor: Robe              ||    16
Dodge: Dodged            ||   124

Table legend:
 A = Spawn XP
 B = Non-spawn XP
 C = Spawn XP percentage of total XP
 D = Spawn monster count
 E = Non-spawn monster count
 F = Spawn count percentage of total count
 G = Total turns spent on level
                    A         B        C        D         E        F      G
               +---------+---------+-------+---------+---------+-------+---------
         Total |       0 |      29 |   0.0 |       0 |      20 |   0.0 |  1552
               +---------+---------+-------+---------+---------+-------+---------
           D:1 |       0 |      29 |   0.0 |       0 |      20 |   0.0 |  1536
               +---------+---------+-------+---------+---------+-------+---------
